 Dungeon Crawl Stone Soup version 0.18.1-48-g4cf74bf (webtiles) character file.

739 Lennu the Cudgeler (level 7, 63/63 HPs)
             Began as a Minotaur Chaos Knight on June 29, 2016.
             Quit the game on level 4 of the Dungeon.
             The game lasted 00:11:57 (4197 turns).

Lennu the Cudgeler (Minotaur Chaos Knight)          Turns: 4197, Time: 00:11:57

Health: 63/63      AC:  5    Str: 19    XL:     7   Next: 46%
Magic:  6/6        EV: 13    Int: 12    God:    Xom [......]
Gold:   200        SH:  2    Dex:  9    Spells: 0 memorised, 6 levels left

rFire  . . .     SeeInvis .     y - +0 morningstar
rCold  . . .     Gourm    .     b - +2 leather armour
rNeg   . . .     Faith    .     (no shield)
rPois  .         Spirit   .     (helmet restricted)
rElec  .         Dismiss  .     w - +0 cloak
rCorr  .         Reflect  +     (no gloves)
SustAt .         Harm     .     (no boots)
MR     .....                    s - +2 amulet of reflection
Stlth  +.........               z - ring of flight
                                r - +3 ring of intelligence

@: not resistant to hostile enchantments, very unstealthy
A: retaliatory headbutt, horns 2, deformed body
a: Renounce Religion, Evoke Flight


You were on level 4 of the Dungeon.
You worshipped Xom.
You were a very special plaything of Xom.
You were not hungry.

You visited 1 branch of the dungeon, and saw 4 of its levels.

You collected 200 gold pieces.

Inventory:

Hand Weapons
 a - a +0 mace of chaos
 y - a +0 morningstar (weapon)
Armour
 b - a +2 leather armour (worn)
 l - a +2 robe of positive energy
 w - a +0 cloak (worn)
Jewellery
 r - a +3 ring of intelligence (left hand)
 s - a +2 amulet of reflection (around neck)
 z - a ring of flight (right hand)
Scrolls
 d - 2 scrolls of fog {unknown}
 e - 2 scrolls of amnesia {unknown}
 f - 2 scrolls of remove curse {unknown}
 i - 2 scrolls of enchant armour {unknown}
 m - a scroll of immolation {unknown}
 n - 2 scrolls of teleportation {unknown}
 q - a scroll of fear {unknown}
 v - 3 scrolls of identify {unknown}
Potions
 g - a potion of brilliance {unknown}
 j - a potion of ambrosia {unknown}
 k - a potion of flight {unknown}
 o - 2 potions of magic {unknown}
 p - 2 potions of curing {unknown}
 u - a potion of heal wounds {unknown}
 x - a potion of degeneration {unknown}
 B - a potion of haste {unknown}
Comestibles
 c - a bread ration
 h - 4 meat rations
 t - a slice of pizza
 A - a beef jerky


   Skills:
 + Level 6.2 Fighting
 + Level 6.7 Maces & Flails
 + Level 3.7 Armour
 + Level 4.9 Dodging
 + Level 1.0 Stealth


You had 6 spell levels left.
You didn't know any spells.

Dungeon Overview and Level Annotations

Branches:
Dungeon (4/15)
 Temple: D:4-7

Altars:
Kikubaaqudgha
Okawaru
Sif Muna

Shops:
D:4 :


Innate Abilities, Weirdness & Mutations

You reflexively headbutt those who attack you in melee.
You have a pair of horns on your head.
Armour fits poorly on your strangely shaped body.


Message History

You destroy the phantom!
Your Stealth skill increases to level 1!
You start resting.
Your iron imp disappears in a puff of smoke!
Your ufetubus disappears in a puff of smoke!
Your crimson imp disappears in a puff of smoke! x3
Your shadow imp disappears in a puff of smoke!
You are now a very special plaything of Xom.
There is a stone staircase leading down here.
A ball python skeleton comes into view.
You barely miss the ball python skeleton.
The ball python skeleton bites you but does no damage.
The ball python skeleton barely misses you.
You sock the ball python skeleton!
You destroy the ball python skeleton!
HP restored.
Found Uzahel's Book Emporium.
There is an entrance to Uzahel's Book Emporium here.
Unknown command.
Are you sure you want to abandon this character and quit the game? (Confirm with "yes".)

###### ###
###############.###
#.....@...........#
#########+#############.###
#...........# #.#
#.##........# #.#
#.##........# #.#
#.##........# #.#
#.###.......###########.#
#.# #...................#
###.# #####.###############


There were no monsters in sight!

Vanquished Creatures
  Sigmund (D:2)
  A phantom (D:4)
  An ogre (D:4)
  A hound (D:4)
  2 orc priests
  2 orc wizards
  A worker ant (D:4)
  A hound skeleton (D:4)
  4 gnolls
  2 adders
  An ooze (D:1)
  An adder skeleton (D:4)
  5 worms
  2 dart slugs
  6 giant geckos
  16 orcs
  2 bat zombies (D:2)
  6 giant cockroaches
  10 goblins
  15 hobgoblins
  4 jackals (D:3)
  A ball python (D:1)
  A ball python skeleton (D:4)
  9 bats
  5 giant newts
  15 kobolds
  10 rats
  A bush (D:1)
126 creatures vanquished.

Vanquished Creatures (others)
  An orc wizard (D:3)
  A plant (D:1)
2 creatures vanquished.

Grand Total: 128 creatures vanquished

Notes
Turn   | Place    | Note
--------------------------------------------------------------
     0 | D:1      | Lennu the Minotaur Chaos Knight began the quest for the Orb.
     0 | D:1      | Reached XP level 1. HP: 19/19 MP: 0/0
    25 | D:1      | Reached XP level 2. HP: 25/27 MP: 1/1
   264 | D:1      | Reached XP level 3. HP: 33/33 MP: 2/2
   794 | D:2      | Noticed Sigmund
   803 | D:2      | Killed Sigmund
   803 | D:2      | Reached skill level 5 in Fighting
   803 | D:2      | Reached skill level 5 in Maces & Flails
   803 | D:2      | Reached XP level 4. HP: 38/42 MP: 3/3
   803 | D:2      | Reached XP level 5. HP: 43/48 MP: 4/4
   969 | D:2      | Found an ancient bone altar of Kikubaaqudgha.
  1226 | D:2      | Found a deep blue altar of Sif Muna.
  1287 | D:2      | XOM: harmless Divn miscast
  1453 | D:3      | Reached XP level 6. HP: 56/56 MP: 5/5
  1628 | D:3      | XOM: cast spell 'Confusing Touch'
  2359 | D:3      | XOM: harmless Erth miscast
  2514 | D:3      | XOM: noise
  2952 | D:4      | Found an iron altar of Okawaru.
  2995 | D:4      | Reached XP level 7. HP: 51/62 MP: 6/6
  3255 | D:4      | XOM: harmless Chrm miscast
  3647 | D:4      | XOM: colour smoke trail
  3806 | D:4      | XOM: colour smoke trail
  3872 | D:4      | XOM: severe Trmt miscast
  3872 | D:4      | Gained mutation: Armour fits poorly on your strangely shaped body. [the severe capriciousness of Xom]
  3975 | D:4      | XOM: severe Ice miscast
  4000 | D:4      | XOM: summons 6 friendly demons
  4008 | D:4      | Reached skill level 1 in Stealth
  4189 | D:4      | Found Uzahel's Book Emporium.
  4197 | D:4      | Quit the game

Skill      XL: |  1  2  3  4  5  6  7 |
---------------+----------------------+-----
Fighting       | 4 5 6 |  6.2
Maces & Flails | 4 5 6 |  6.7
Armour         | 3 |  3.7
Dodging        | 3 4 |  4.9
Stealth        | 1 |  1.0

Action                   |  1- 3 |  4- 6 |  7- 9 || total
-------------------------+-------+-------+-------++-------
Melee: Mace              |   114 |   130 |       ||   244
       Headbutt          |    21 |    34 |     4 ||    59
       Morningstar       |       |    40 |    50 ||    90
 Stab: Petrifying        |       |     2 |       ||     2
  Eat: Chunk             |       |     4 |       ||     4
       Bread ration      |       |     1 |     1 ||     2
Armor: Leather armour    |    32 |    19 |    15 ||    66
       Robe              |       |    22 |       ||    22
Dodge: Dodged            |    56 |   113 |    25 ||   194
Block: Other             |       |     7 |     2 ||     9
       Reflection        |       |     1 |       ||     1
